 Dungeon Crawl Stone Soup version 0.23.2-40-g277498a (webtiles) character file.

Game seed: 11364069780190445753

556 sanboga the Skirmisher (level 7, 0/44 HPs)
             Began as a Gargoyle Berserker on Oct 14, 2019.
             Was a Priest of Trog.
             Shot with an arrow by a centaur (11 damage)
             ... on level 5 of the Dungeon.
             The game lasted 00:05:17 (4085 turns).

sanboga the Skirmisher (Gargoyle Berserker)         Turns: 4085, Time: 00:05:17

Health: 0/44       AC: 13    Str: 23    XL:     7   Next: 30%
Magic:  7/7        EV: 12    Int:  7    God:    Trog [***...]
Gold:   163        SH:  0    Dex:  9    Spells: 6/6 levels left

rFire    . . .     SeeInvis .   i - +0 broad axe
rCold    . . .     Gourm    .   (no shield)
rNeg     + . .     Faith    .   e - +0 scale mail
rPois    ∞         Spirit   .   (no helmet)
rElec    +         Reflect  .   g - +0 cloak
rCorr    .         Harm     .   (no gloves)
MR       .....                  (no boots)
Stlth    ..........             (no amulet)
HPRegen  0.14/turn              (no ring)
MPRegen  0.10/turn              (no ring)

@: no status effects
A: negative energy resistance 1, electricity resistance, unbreathing,
petrification resistance, rot immunity, AC +4
a: Berserk, Trog's Hand, Renounce Religion


You were on level 5 of the Dungeon.
You worshipped Trog.
Trog was most pleased with you.
You were not hungry.

You visited 1 branch of the dungeon, and saw 5 of its levels.

You collected 163 gold pieces.

Inventory:

Hand Weapons
 a - a +0 war axe
 i - a +0 broad axe (weapon)
Armour
 e - a +0 scale mail (worn)
 g - a +0 cloak (worn)
Jewellery
 f - an uncursed ring of ice
Wands
 d - a wand of flame (4)
Scrolls
 l - 2 scrolls of fog
 m - 3 scrolls of teleportation
 n - a scroll of identify
 o - 2 scrolls of remove curse
Potions
 h - 2 potions of curing
 j - 2 potions of flight
 k - 2 potions of might
Comestibles
 b - 5 chunks of flesh
 c - 6 rations


   Skills:
 + Level 5.2 Fighting
 - Level 2.6 Axes
 + Level 4.5 Armour
 * Level 4.7 Dodging


You had 6 spell levels left.
You didn't know any spells.
Your spell library was empty.

Dungeon Overview and Level Annotations

Branches:
Dungeon (5/15)
 Temple: D:4-7

Altars:
Ashenzari
Fedhas
Kikubaaqudgha
Ru
Yredelemnul
The Shining One


Innate Abilities, Weirdness & Mutations

You are resistant to torment.
Your stone body is resilient. (AC +4)
You are immune to poison.
You resist negative energy. (rN+)
You are resistant to electric shocks. (rElec)
You can survive without breathing.
You are immune to petrification.
You are immune to rotting.


Message History

The bush is lightly damaged.
You completely miss the bush.
The centaur hits the bush but does no damage.
The centaur wields a +0 shortbow.
The centaur shoots an arrow.
The arrow closely misses you.
You slash the bush!
The bush is moderately damaged.
You hit the bush but do no damage.
The centaur shoots an arrow.
The arrow hits you.
The centaur shoots an arrow.
The arrow hits you.
You hit the bush.
The bush is moderately damaged.
You hit the bush but do no damage.
The centaur shoots an arrow.
The arrow hits you but does no damage.
The centaur unwields a +0 shortbow.
The centaur hits the bush!
The centaur wields a +0 shortbow.
The centaur shoots an arrow.
The arrow hits you!
* * * LOW HITPOINT WARNING * * *
You see here an arrow.
The centaur shoots an arrow.
The arrow hits you!
You die...

#..## ##....#####
#####...####....§#§≈≈##
...........'...##≈≈.§≈#
#####...####...##≈#.#≈≈
#..## ##..+≈.._... #.##
##.#.≈#.#≈≈ #(#
###≈≈≈.≈≈# #.#####
###≈≈§## #.@(..# #####
####.#(#.###
#.......(...#
#.###.P.PPP.# #.P.PcP.#


##PP_PP # #.PPP .. P ##. You could see a centaur.

Vanquished Creatures
  A howler monkey (D:4)
  An orc priest (D:4)
  2 bullfrog skeletons (D:4)
  4 orc wizards
  Natasha (thrice) (D:2)
  3 worker ants
  A killer bee zombie (D:5)
  7 adders
  An ooze (D:4)
  A worm (D:5)
  A leopard gecko (D:5)
  8 orcs
  A ball python (D:2)
  6 bats
  5 giant cockroaches
  2 gnoll zombies (D:3)
  9 goblins
  11 hobgoblins
  7 jackals (D:4)
  10 kobolds
  3 frilled lizards
  10 rats
97 creatures vanquished.

Notes
Turn   | Place    | Note
-------+----------+-------------------------------------------
     0 | D:1      | sanboga the Gargoyle Berserker began the quest for the Orb.
     0 | D:1      | Reached XP level 1. HP: 14/14 MP: 1/1
   240 | D:1      | Reached XP level 2. HP: 14/19 MP: 2/2
   701 | D:1      | Reached XP level 3. HP: 20/23 MP: 3/3
   808 | D:1      | Reached ** piety under Trog
  1085 | D:2      | Noticed Natasha
  1099 | D:2      | Killed Natasha
  1099 | D:2      | Reached XP level 4. HP: 24/29 MP: 4/4
  1538 | D:2      | Noticed Natasha
  1550 | D:2      | Killed Natasha
  1550 | D:2      | Reached skill level 4 in Fighting
  1842 | D:2      | Noticed Natasha
  1849 | D:2      | Killed Natasha
  1849 | D:2      | Reached XP level 5. HP: 11/33 MP: 5/5
  2965 | D:3      | Found a basalt altar of Yredelemnul.
  3127 | D:4      | Reached XP level 6. HP: 29/39 MP: 6/6
  3192 | D:4      | Found a sacrificial altar of Ru.
  3216 | D:4      | Reached *** piety under Trog
  3296 | D:4      | Found an ancient bone altar of Kikubaaqudgha.
  3296 | D:4      | Found a glowing golden altar of the Shining One.
  3346 | D:4      | Reached skill level 5 in Fighting
  3346 | D:4      | Reached XP level 7. HP: 40/44 MP: 7/7
  3431 | D:4      | Found a shattered altar of Ashenzari.
  3941 | D:5      | Entered Level 5 of the Dungeon
  3957 | D:5      | Found a blossoming altar of Fedhas.
  4076 | D:5      | Found a blossoming altar of Fedhas.
  4085 | D:5      | Shot with an arrow by a centaur

Skill      XL: |  1  2  3  4  5  6 |
---------------+-------------------+-----
Dodging        | 2 3 4 |  4.7
Armour         | 3 4 |  4.5
Fighting       | 4 5 |  5.2
Axes           | |  2.6

Action                   |  1- 3 |  4- 6 |  7- 9 || total
-------------------------+-------+-------+-------++-------
Melee: Hand axe          |   102 |   101 |       ||   203
       War axe           |       |    91 |       ||    91
       Broad axe         |       |       |    48 ||    48
Invok: Berserk           |       |     2 |       ||     2
  Use: Scroll            |     8 |     5 |     1 ||    14
       Potion            |       |     1 |       ||     1
  Eat: Chunk             |     1 |     6 |     2 ||     9
       Ration            |       |     1 |       ||     1
Armor: Animal skin       |    39 |    13 |       ||    52
       Scale mail        |       |    97 |    29 ||   126
Dodge: Dodged            |    69 |   131 |    45 ||   245
